 Dungeon Crawl Stone Soup version 0.30-a0-1114-gd936c97349 (webtiles) character file.

Game seed: 5724878507139188028

486 voltaire321 the Conjurer (level 6, -7/36 HPs)
             Began as a Deep Elf Conjurer on Apr 20, 2023.
             Mangled by Edmund
             ... wielding a +1 flail of protection
              (8 damage)
             ... on level 4 of the Dungeon.
             The game lasted 00:12:33 (3685 turns).

voltaire321 the Conjurer (Deep Elf Conjurer)        Turns: 3685, Time: 00:12:34

Health: -7/36      AC:  2    Str:  6    XL:     6   Next: 89%
Magic:  4/15       EV: 13    Int: 23    God:
Gold:   105        SH:  0    Dex: 13    Spells: 12/15 levels left

rFire   . . .      SeeInvis .    g - +3 rapier
rCold   . . .      Faith    .    (no shield)
rNeg    . . .      Spirit   .    a - +0 robe
rPois   .          Reflect  .    (no helmet)
rElec   .          Rampage  .    (no cloak)
rCorr   +                        (no gloves)
Will    .....                    (no boots)
Stlth   ++                       (no amulet)
HPRegen 0.26/turn                f - ring of resist corrosion
MPRegen 0.14/turn                (no ring)

@: no status effects
A: no striking features
a: no special abilities


You were on level 4 of the Dungeon.
You visited 1 branch of the dungeon, and saw 4 of its levels.
You also visited: Sewer.

You collected 105 gold pieces.

Inventory:

Hand Weapons
 g - a +3 rapier (weapon)
Armour
 a - a +0 robe (worn)
Jewellery
 f - a ring of resist corrosion (left hand)
Scrolls
 d - a scroll of magic mapping {unknown}
 e - 2 scrolls of immolation {unknown}
 h - 3 scrolls of identify
 i - 4 scrolls of enchant armour {unknown}
 j - a scroll of brand weapon {unknown}
 n - 3 scrolls of teleportation {unknown}
 o - 3 scrolls of noise {unknown}
 q - a scroll of enchant weapon {unknown}
Potions
 b - 2 potions of magic
 c - 3 potions of heal wounds {unknown}
 k - a potion of degeneration {unknown}
 l - 2 potions of flight {unknown}
 m - 4 potions of curing
 p - a potion of cancellation {unknown}
 r - 2 potions of resistance {unknown}
 s - a potion of attraction {unknown}
 t - a potion of lignification {unknown}
 u - a potion of might {unknown}


   Skills:
 + Level 2.4 Fighting
 + Level 2.3 Armour
 + Level 4.4 Dodging
 - Level 2.4 Stealth
 + Level 5.1 Spellcasting
 + Level 5.6 Conjurations


You had 12 spell levels left.
You knew the following spells:

 Your Spells              Type           Power      Damage    Failure   Level
a - Magic Dart            Conj           100%       1d8       1%          1
b - Searing Ray           Conj           64%        2d6       1%          2

Your spell library contained the following spells:

 Spells                   Type           Power      Damage    Failure   Level
 Dazzling Flash           Conj/Hex       36%        N/A       9%          3
 Ignite Poison            Fire/Tmut/Pois 5%         N/A       28%         3
 Fulminant Prism          Conj/Hex       9%         3d7       28%         4
 Iskenderun's Mystic Bla  Conj/Tloc      18%        2d6       28%         4
 Sticky Flame             Conj/Fire      18%        2d4       28%         4
 Ignition                 Fire           2%         3d3       100%        8


Dungeon Overview and Level Annotations

Branches:
Dungeon (4/15)              Sewer (visited)
 Temple: D:4-7

Altars:
Dithmenos
Gozag
Hepliaklqana
Qazlal
Wu Jian

Annotations:
D:2 Terence
D:4 Edmund


Message History

Aiming: Searing Ray (safe; 1% risk of failure)
Press: ? - help, Shift-Dir - straight line, f - Edmund
Aim: Edmund, wielding a +1 flail of protection and wearing a +0 chain mail (fast, 85% to hit)
The searing ray hits Edmund but does no damage.
The searing ray hits the orc!
You kill the orc! (Press . to maintain the ray.) Edmund hits you with a +1 flail of protection!
The searing ray hits Edmund but does no damage.
Edmund hits you with a +1 flail of protection!
Edmund barely misses you.
The searing ray hits Edmund.
Edmund is lightly wounded.
The searing ray hits the orc!
You kill the orc!
Edmund closely misses you.
You hit Edmund but do no damage.
Edmund is lightly wounded.
Edmund hits you with a +1 flail of protection.
Edmund misses you.
You closely miss Edmund.
Edmund is lightly wounded.
Edmund closely misses you. x2
Casting: Searing Ray (safe; 1% risk of failure)
Confirm with . or Enter, or press ? or * to list all spells.
Aiming: Searing Ray (safe; 1% risk of failure)
Press: ? - help, Shift-Dir - straight line, f/p - Edmund
Aim: Edmund, wielding a +1 flail of protection and wearing a +0 chain mail (lightly wounded, fast, 86% to hit)
The searing ray hits Edmund.
Edmund is lightly wounded. (Press . to maintain the ray.) Edmund hits you with a +1 flail of protection!
* * * LOW HITPOINT WARNING * * *
Edmund hits you with a +1 flail of protection!
* * * LOW HITPOINT WARNING * * *
As you read the scroll labelled SUNID WUKI, it crumbles to dust.
It is a scroll of identify.
m - 4 potions of curing Edmund hits you with a +1 flail of protection!
You die...

#.......'............#
##..##.###)..##..#####
######
#########)..##..###.###.##..
#..[..#....#...#......
#..<..'....#...#......
#.....#....'...##.....
#.....#....#...##..)..
##....#....#...'......
##...@##...##..#......
#....@##'####..##.....
#.....#........##.....
#...†.#.........#.....
#..).)##...##...#.....
#.....##...##..#######
#.....#....#...#
#.....+....##..#
#.....#....#####


You could see Edmund (fast).

Vanquished Creatures
  A hound (D:4)
  3 orc priests
  2 orc wizards
  Natasha (twice) (D:4)
  12 adders
  4 river rats (Sewer)
  3 dart slugs
  16 orcs
  8 ball pythons
  11 endoplasms
  4 giant cockroaches
  7 goblins
  6 hobgoblins
  2 quokkas
  8 bats
  10 frilled lizards
  4 kobolds
  12 rats
  A spectral orc (D:3)
116 creatures vanquished.

Notes
Turn   | Place    | Note
-------+----------+-------------------------------------------
     0 | D:1      | voltaire321 the Deep Elf Conjurer began the quest for the
                  | Orb.
     0 | D:1      | Reached XP level 1. HP: 10/10 MP: 6/6
   220 | D:1      | Reached XP level 2. HP: 16/16 MP: 4/8
   426 | D:1      | You fall into a shaft and drop 1 floor!
   751 | D:2      | Reached XP level 3. HP: 20/20 MP: 9/9
   802 | D:2      | Noticed Terence
   824 | D:1      | Learned a level 2 spell: Searing Ray
   992 | D:2      | Found a faded altar of an unknown god.
   997 | D:2      | Reached skill level 1 in Fighting
   997 | D:2      | Reached skill level 1 in Armour
   997 | D:2      | Reached XP level 4. HP: 25/25 MP: 6/11
  1515 | D:2      | Reached skill level 5 in Conjurations
  1785 | D:3      | Reached XP level 5. HP: 24/29 MP: 13/13
  1840 | D:3      | Found a glowing drain.
  1881 | Sewer    | Entered a sewer
  2173 | Sewer    | Reached XP level 6. HP: 34/35 MP: 14/14
  2787 | D:3      | Found a hazy altar of Hepliaklqana.
  3527 | D:4      | Noticed Natasha
  3533 | D:4      | Killed Natasha
  3589 | D:4      | Noticed Natasha
  3595 | D:4      | Killed Natasha
  3621 | D:4      | Found a stormy altar of Qazlal.
  3622 | D:4      | Found a shadowy altar of Dithmenos.
  3622 | D:4      | Found an opulent altar of Gozag.
  3623 | D:4      | Found an ornate altar of the Wu Jian Council.
  3630 | D:4      | Reached skill level 5 in Spellcasting
  3661 | D:4      | Noticed Edmund
  3684 | D:4      | HP: 1/36 [Edmund/+1 flail of protection (7)]
  3685 | D:4      | Mangled by Edmund

Illustrated notes

Levels and vault maps discovered:
D:1:      minmay_arrival_stone_box, layout_rooms
D:2:      layout_basic, hellmonk_ecumenical_altar_crossroads,
          hangedman_glass_teeth, uniq_terence
D:3:      layout_basic, nicolae_hepliaklqana_monster_ancestors,
          gup_sewer_entry_glass, minmay_misc_feat_rows
D:4:      layout_gridville, chequers_temple_overflow_statue_of_worship,
          lightli_temple_of_fire, uniq_natasha, uniq_edmund

Skill      XL: |  1  2  3  4  5  6 |
---------------+-------------------+-----
Dodging        | 3 4 |  4.4
Fighting       | 1 2 |  2.4
Armour         | 1 2 |  2.3
Conjurations   | 5 |  5.6
Spellcasting   | 4 5 |  5.1
Stealth        | |  2.4

Action                     |  1- 3 |  4- 6 || total
---------------------------+-------+-------++-------
  Melee: Quarterstaff      |    12 |       ||    12
         Rapier            |    13 |    76 ||    89
   Cast: Magic Dart        |    56 |    87 ||   143
         Searing Ray       |       |    12 ||    12
    Use: Scroll            |       |     1 ||     1
   Stab: Sleeping          |     2 |     2 ||     4
 Armour: Robe              |     3 |     7 ||    10
  Dodge: Dodged            |    20 |    81 ||   101

Table legend: (Time is in decaauts)
 A = Elapsed time spent in this place.
 B = Non-inter-level travel time spent in this place.
 C = Inter-level travel time spent in this place.
 D = Time resting spent in this place.
 E = Time spent auto-exploring this place.
 F = Levels seen in this place.
 G = Mean time per level.
                   A        B        C        D        E       F      G
               +--------+--------+--------+--------+--------+-----+--------+
         Total |   3760 |   3653 |    107 |    586 |   2098 |   5 |  752.0 |
       Dungeon |   3091 |   2984 |    107 |    438 |   1786 |   4 |  772.8 |
         Sewer |    668 |    668 |      0 |    148 |    312 |   1 |  668.0 |
               +--------+--------+--------+--------+--------+-----+--------+

Top non-repeatable levels by time:
     D:3: 1089 daAuts
     D:2: 1031 daAuts
     D:1: 707 daAuts
   Sewer: 668 daAuts
     D:4: 263 daAuts
